 Dungeon Crawl Stone Soup version 0.30.0-30-g96aa6591b8 (webtiles) character file.

Game seed: 14733545361357442038

1418 croobank the Shield-Bearer (level 8, -12/59 (67) HPs)
             Began as a Gnoll Fighter on June 30, 2023.
             Was an Initiate of Hepliaklqana.
             Mangled by a wight
             ... wielding a +5 battleaxe
              (15 damage)
             ... on level 7 of the Dungeon.
             The game lasted 00:10:13 (5740 turns).

croobank the Shield-Bearer (Gnoll Fighter)          Turns: 5740, Time: 00:10:14

HP:   -12/59 (67)   AC: 13    Str: 16    XL:     8   Next: 71%
MP:   22/22         EV: 10    Int:  9    God:    Hepliaklqana [......]
Gold: 369           SH:  5    Dex: 12    Spells: 12/14 levels left

rFire   . . .        a - +0 war axe (spect)
rCold   . . .        c - +0 buckler
rNeg    . . .        b - +0 scale mail
rPois   .            (no helmet)
rElec   .            m - +1 cloak
rCorr   .            u - +0 pair of gloves
SInv    .            A - +0 pair of boots
Will    .....        (no amulet)
Stlth   +            x - ring of magical power
HPRegen 0.29/turn    (no ring)
MPRegen 0.18/turn

%: no passive effects
@: heavily drained
A: fangs 1, strong nose, distributed training
a: Renounce Religion


You were on level 7 of the Dungeon.
You worshipped Hepliaklqana.
Hepliaklqana was noncommittal.
You visited 1 branch of the dungeon, and saw 7 of its levels.

You collected 369 gold pieces.

Inventory:

Hand Weapons
 a - a +0 spectral war axe (weapon)
 k - a +0 dagger
 t - a +1 vampiric short sword
 y - a +0 long sword
 z - a +3 falchion of draining
Missiles
 e - 2 boomerangs (quivered)
Armour
 b - a +0 scale mail (worn)
 c - a +0 buckler (worn)
 m - a +1 cloak (worn)
 o - a +0 kite shield
 u - a +0 pair of gloves (worn)
 A - a +0 pair of boots (worn)
Jewellery
 x - a ring of magical power (left hand)
Wands
 v - a wand of polymorph (8)
Scrolls
 h - 4 scrolls of teleportation
 p - a scroll of blinking
 q - a scroll of brand weapon
Potions
 d - 5 potions of might
 f - a potion of haste
 g - a potion of attraction
 i - 2 potions of resistance
 j - 3 potions of curing
 l - 2 potions of brilliance
 n - a potion of berserk rage
 r - 2 potions of ambrosia
 s - a potion of heal wounds {unknown}
 w - a potion of mutation


   Skills:
 + Level 7.5 Fighting
 + Level 3.6 Short Blades
 + Level 3.6 Long Blades
 + Level 5.9 Axes
 + Level 3.6 Maces & Flails
 + Level 3.6 Polearms
 + Level 3.6 Staves
 + Level 3.6 Ranged Weapons
 + Level 3.6 Throwing
 + Level 7.5 Armour
 + Level 3.6 Dodging
 + Level 3.6 Stealth
 + Level 7.5 Shields
 + Level 3.6 Unarmed Combat
 + Level 3.6 Spellcasting
 + Level 3.0 Conjurations
 + Level 3.0 Hexes
 + Level 3.0 Summonings
 + Level 3.0 Necromancy
 + Level 3.0 Translocations
 + Level 3.0 Transmutations
 + Level 3.0 Fire Magic
 + Level 3.0 Ice Magic
 + Level 3.0 Air Magic
 + Level 3.0 Earth Magic
 + Level 3.0 Poison Magic
 + Level 4.0 Invocations
 + Level 3.6 Evocations


You had 12 spell levels left.
You knew the following spells:

 Your Spells              Type           Power      Damage    Failure   Level
a - Wereblood             Tmut           7%         N/A       43%         2

Your spell library contained the following spells:

 Spells                   Type           Power      Damage    Failure   Level
 Kiss of Death            Conj/Necr      28%        2d7       30%         1
 Sublimation of Blood     Necr           7%         N/A       43%         2
 Confusing Touch          Hex            7%         N/A       67%         3
 Gell's Gravitas          Tloc           7%         N/A       67%         3
 Teleport Other           Tloc           7%         N/A       67%         3
 Dispel Undead            Necr           7%         3d8       97%         4
 Dispersal                Tloc           3%         N/A       100%        6
 Summon Hydra             Summ           3%         N/A       100%        7


Dungeon Overview and Level Annotations

Branches:
Dungeon (7/15)             Temple (0/1) D:4

Altars:
Ashenzari
Hepliaklqana
Qazlal
Ru
Trog

Shops:
D:3 :


Innate Abilities, Weirdness & Mutations

You have very sharp teeth.
Your uncanny sense of smell can sniff out nearby items.
Your experience applies equally to all skills.


Message History

Your Fire Magic skill increases to level 3!
Your Ice Magic skill increases to level 3!
Your Air Magic skill increases to level 3!
Your Earth Magic skill increases to level 3!
Your Poison Magic skill increases to level 3!
You hit the wight. You bite the wight, but do no damage.
The wight is moderately damaged.
Your +0 spectral war axe hits the wight!
The wight barely misses your +0 spectral war axe.
The wight closely misses you.
You catch the helpless wight completely off-guard!
You hit the wight. You bite the wight, but do no damage.
The wight is almost destroyed.
Your +0 spectral war axe hits the wight but does no damage.
The wight hits you with a +5 battleaxe.
The wight misses your +0 spectral war axe.
You are too injured to fight recklessly!
You are too injured to fight recklessly!
You are too injured to fight recklessly!
You are too injured to fight recklessly!
You closely miss the wight. You bite the wight, but do no damage.
The wight is almost destroyed.
Your +0 spectral war axe hits the wight.
The wight hits you with a +5 battleaxe!
* * * LOW HITPOINT WARNING * * *
You feel drained.
* * * LOW HITPOINT WARNING * * *
The wight hits your +0 spectral war axe with a +5 battleaxe.
Your spectral weapon shares its damage with you!
* * * LOW HITPOINT WARNING * * *
You hit the wight but do no damage.
The wight is almost destroyed.
Your +0 spectral war axe hits the wight but does no damage.
The wight hits you with a +5 battleaxe!
* * * LOW HITPOINT WARNING * * *
You feel drained.
* * * LOW HITPOINT WARNING * * *
The wight closely misses your +0 spectral war axe.
The wight hits you with a +5 battleaxe!
You die...

∆ ## #.# #.# .##.## #.#
###....# ... ..#.... ∆
####.####.#...#
#.......#.#...##+###
#.##.##.#.#........#
...#.#.#...#.#.#...##...#
#(...zz@_.........###'##
#..#.#.#(..#.#.#...##)[##
#.##.##.#.#...#.<[..
#.......#.#...+.....
####.####.######...# ...
..# #...# #.# ### .....
... ...... ..##.#


You could see 2 wights and a friendly +0 spectral war axe.

Vanquished Creatures
  A water moccasin (D:5)
  A sky beast (D:5)
  An ice beast (D:7)
  A black bear (D:5)
  A bullfrog (D:5)
  4 scorpions
  6 wights
  A howler monkey (D:5)
  A jelly (D:6)
  An orc priest (D:5)
  A sleepcap (D:5)
  Ijyb (D:4)
  4 iguanas
  An orc wizard (D:5)
  7 adders
  A white imp (D:6)
  An ufetubus (D:4)
  2 worms
  9 orcs
  7 bats
  3 endoplasms
  3 giant cockroaches
  5 goblins
  7 hobgoblins
  4 kobolds
  8 quokkas
  9 ball pythons
  6 frilled lizards
  A rat (D:2)
98 creatures vanquished.

Notes
Turn   | Place    | Note
-------+----------+-------------------------------------------
     0 | D:1      | croobank the Gnoll Fighter began the quest for the Orb.
     0 | D:1      | Reached XP level 1. HP: 23/23 MP: 1/1
    46 | D:1      | Reached XP level 2. HP: 28/29 MP: 2/2
   621 | D:1      | Reached XP level 3. HP: 35/35 MP: 3/3
   879 | D:2      | Reached skill level 1 in Invocations
  1233 | D:2      | Reached skill level 1 in Short Blades
  1233 | D:2      | Reached skill level 1 in Long Blades
  1233 | D:2      | Reached skill level 1 in Maces & Flails
  1233 | D:2      | Reached skill level 1 in Polearms
  1233 | D:2      | Reached skill level 1 in Staves
  1233 | D:2      | Reached skill level 1 in Ranged Weapons
  1233 | D:2      | Reached skill level 1 in Throwing
  1233 | D:2      | Reached skill level 1 in Dodging
  1233 | D:2      | Reached skill level 1 in Stealth
  1233 | D:2      | Reached skill level 1 in Unarmed Combat
  1233 | D:2      | Reached skill level 1 in Spellcasting
  1233 | D:2      | Reached skill level 1 in Evocations
  1391 | D:2      | Reached XP level 4. HP: 26/41 MP: 5/5
  1803 | D:3      | Noticed a scorpion
  1804 | D:3      | Found a broken altar of Ashenzari.
  1811 | D:3      | Killed a scorpion
  1812 | D:3      | Reached skill level 1 in Conjurations
  1812 | D:3      | Reached skill level 1 in Hexes
  1812 | D:3      | Reached skill level 1 in Summonings
  1812 | D:3      | Reached skill level 1 in Necromancy
  1812 | D:3      | Reached skill level 1 in Translocations
  1812 | D:3      | Reached skill level 1 in Transmutations
  1812 | D:3      | Reached skill level 1 in Fire Magic
  1812 | D:3      | Reached skill level 1 in Ice Magic
  1812 | D:3      | Reached skill level 1 in Air Magic
  1812 | D:3      | Reached skill level 1 in Earth Magic
  1812 | D:3      | Reached skill level 1 in Poison Magic
  1812 | D:3      | Reached XP level 5. HP: 32/47 MP: 5/7
  2553 | D:3      | Found Ififahuq's Book Emporium.
  2617 | D:3      | Learned a level 2 spell: Wereblood
  2872 | D:3      | Identified the +1 mace "Duxeekoa" {venom, Str+3 Dex+4
                  | Stlth-}
  3192 | D:4      | Found a bloodstained altar of Trog.
  3396 | D:4      | Reached XP level 6. HP: 53/53 MP: 6/8
  3583 | D:4      | Noticed Ijyb
  3616 | D:4      | Killed Ijyb
  3617 | D:4      | Reached skill level 5 in Axes
  3916 | D:4      | Found a staircase to the Ecumenical Temple.
  4140 | D:5      | Entered Level 5 of the Dungeon
  4189 | D:5      | Noticed a black bear
  4196 | D:5      | Killed a black bear
  4209 | D:5      | Noticed a sky beast
  4226 | D:5      | Killed a sky beast
  4227 | D:5      | Reached XP level 7. HP: 23/60 MP: 10/10
  4353 | D:5      | Found a stormy altar of Qazlal.
  4602 | D:5      | Found a hazy altar of Hepliaklqana.
  4663 | D:5      | Became a worshipper of Hepliaklqana the Forgotten
  5026 | D:5      | Reached XP level 8. HP: 47/67 MP: 12/12
  5724 | D:7      | Found a sacrificial altar of Ru.
  5740 | D:7      | Mangled by a wight

Illustrated notes

Levels and vault maps discovered:
D:1:      shiori_arrival_elements, layout_basic, st_stairs_8
D:2:      layout_basic
D:3:      layout_basic, nicolae_ashenzari_skybound, serial_shops, shop,
          guppyfry_early_orc_mine
D:4:      layout_loops_ring, mainiacjoe_overflow_six_doors_small,
          temple_fountains, uniq_ijyb
D:5:      layout_rooms, lemuel_doored_altar, nicolae_qazlal_beasts_of_the_sky,
          nicolae_elevator_lobby_plus
D:6:      layout_loops_ring, serial_bayou, serial_bayou_lake_a,
          serial_bayou_crossing, serial_bayou_pond_a, serial_bayou_pond_d
D:7:      layout_gridville, nicolae_ru_sacrificial_ziggurat,
          mainiacjoe_overflow_chevrons, mainiacjoe_overflow_tiny_flanked,
          nicolae_overflow_crystal_walls, amcnicky_altar_gilded,
          minmay_misc_feat_tower

Skill      XL: |  1  2  3  4  5  6  7  8 |
---------------+-------------------------+-----
Invocations    | 1 2 3 4 |  4.0
Short Blades   | 1 2 3 |  3.6
Long Blades    | 1 2 3 |  3.6
Maces & Flails | 1 2 3 |  3.6
Polearms       | 1 2 3 |  3.6
Staves         | 1 2 3 |  3.6
Ranged Weapons | 1 2 3 |  3.6
Throwing       | 1 2 3 |  3.6
Dodging        | 1 2 3 |  3.6
Stealth        | 1 2 3 |  3.6
Unarmed Combat | 1 2 3 |  3.6
Spellcasting   | 1 2 3 |  3.6
Evocations     | 1 2 3 |  3.6
Conjurations   | 1 2 3 |  3.0
Hexes          | 1 2 3 |  3.0
Summonings     | 1 2 3 |  3.0
Necromancy     | 1 2 3 |  3.0
Translocations | 1 2 3 |  3.0
Transmutations | 1 2 3 |  3.0
Fire Magic     | 1 2 3 |  3.0
Ice Magic      | 1 2 3 |  3.0
Air Magic      | 1 2 3 |  3.0
Earth Magic    | 1 2 3 |  3.0
Poison Magic   | 1 2 3 |  3.0
Axes           | 5 |  5.9
Fighting       | 7 |  7.5
Armour         | 7 |  7.5
Shields        | 7 |  7.5

Action                     |  1- 3 |  4- 6 |  7- 9 || total
---------------------------+-------+-------+-------++-------
  Melee: War axe           |   120 |    95 |    72 ||   287
         Bite              |     6 |     3 |     9 ||    18
         Unarmed           |       |    25 |       ||    25
    Use: Scroll            |       |    16 |     3 ||    19
   Stab: Distracted        |       |     1 |     3 ||     4
 Armour: Scale mail        |    61 |    41 |    21 ||   123
  Dodge: Dodged            |    59 |    32 |    32 ||   123
  Block: Buckler           |    38 |    17 |    16 ||    71
